 Dungeon Crawl Stone Soup version 0.31-a0-174-g85c54bcb58 (webtiles) character file.

Game seed: 18223317041174959869

130 qw the Shooter (level 5, -5/49 HPs)
             Began as a Naga Hunter on June 15, 2023.
             Killed by nerve-wracking pain
             ... invoked by an orc priest
              (11 damage)
             ... on level 2 of the Dungeon.
             The game lasted 00:00:39 (1880 turns).

qw the Shooter (Naga Hunter)                        Turns: 1880, Time: 00:00:40

Health: -5/49      AC:  4    Str: 14    XL:     5   Next: 14%
Magic:  5/5        EV:  9    Int:  9    God:
Gold:   136        SH:  0    Dex: 16    Spells: 4/4 levels left

rFire   . . .        Y - +0 shortbow
rCold   . . .        (shield currently unavailable)
rNeg    . . .        c - +0 leather armour
rPois   +            (no helmet)
rElec   .            (no cloak)
rCorr   .            g - +0 pair of gloves
SInv    +            (no barding)
Will    .....        (no amulet)
Stlth   ++           (no ring)
HPRegen 0.28/turn    (no ring)
MPRegen 0.09/turn

%: no passive effects
@: short of breath, very slow
A: AC +1, large, see invisible, deformed body, poison resistance, slowness 2,
spit poison 1, naga tail 1
a: Spit Poison


You were on level 2 of the Dungeon.
You visited 1 branch of the dungeon, and saw 2 of its levels.

You collected 136 gold pieces.


Innate Abilities, Weirdness & Mutations

Your serpentine skin is tough. (AC +1)
You have supernaturally acute eyesight. (SInv)
Armour fits poorly on your strangely shaped body.
Your system is resistant to poisons. (rPois)
You cover ground very slowly.
You can spit poison.
You have a snake-like lower body.


   Skills:
 - Level 3.1 Fighting
 + Level 5.2 Ranged Weapons
 - Level 1.5 Dodging
 - Level 1.5 Stealth


You had 4 spell levels left.
You didn't know any spells.
Your spell library was empty.

Inventory:

Hand Weapons
 Y - a +0 shortbow (weapon)
Armour
 c - a +0 leather armour (worn)
 g - a +0 pair of gloves (worn)
Scrolls
 a - a scroll of identify
 d - a scroll of fog {unknown}
 f - a scroll of teleportation {unknown}
 j - a scroll of immolation {unknown}
Potions
 b - a potion of curing {unknown}
 e - a potion of enlightenment {unknown}
 h - 2 potions of heal wounds {unknown}
 i - a potion of degeneration {unknown}

Dungeon Overview and Level Annotations

Branches:
Dungeon (2/15)

Altars:


Message History

You kill the orc!
An orc comes into view. It is wielding a +0 club.
You shoot an arrow. The arrow hits the orc!
You kill the orc!
An orc priest comes into view. It is wielding a +0 dagger.
You shoot an arrow.
The arrow closely misses the orc priest.
The orc priest shouts!
You shoot an arrow. The arrow hits the orc priest!
The orc priest is severely wounded.
The orc priest casts a cantrip, but nothing happens.
You shoot an arrow.
The arrow closely misses the orc priest.
The orc priest mumbles some strange prayers to Beogh against you.
Beogh smites you!
You shoot an arrow.
The arrow closely misses the orc priest.
The orc priest mumbles some strange prayers to Beogh against you.
Pain shoots through your body!
You shoot an arrow.
The arrow hits the orc priest but does no damage.
The orc priest is severely wounded.
You have got your breath back.
1877 ||| INVOKING Spit Poison.
Aiming: Spit Poison (1% risk of failure)
Press: ? - help, Shift-Dir - straight line, f/p - orc priest The splash of poison hits the orc priest.
The orc priest is severely wounded.
You shoot an arrow. The arrow barely misses the orc priest.
The orc priest mumbles some strange prayers to Beogh against you.
Beogh smites you!
You shoot an arrow. The arrow hits the orc priest.
The orc priest is almost dead.
The orc priest mumbles some strange prayers to Beogh against you.
Pain shoots through your body!
You shoot an arrow. The arrow hits the orc priest.
The orc priest is almost dead.
The orc priest invokes the aid of Beogh against you.
Pain shoots through your body!
You die...

###.### #)# #....##
#.# #....# #)#
#####....## #.#
..........# #.#
....)...... #o#
..###.#.### #.# #.#.#
# #@# #.#.### #.# ..
#.... #.# #. #######
#.# #.. ..#.... #.#
#.# #.#.### #.# ##.#
#.#.# # #.#
##..###.#.###
#####.####............
#..<#.##....#.#..#....


You could see an orc priest.

Vanquished Creatures
  Terence (D:2)
  5 adders (D:2)
  A dart slug (D:1)
  2 orcs (D:2)
  6 endoplasms
  4 giant cockroaches
  5 goblins
  5 hobgoblins
  5 kobolds
  4 quokkas
  4 ball pythons
  4 bats
  A frilled lizard (D:2)
  4 rats
51 creatures vanquished.

Notes
Turn   | Place    | Note
-------+----------+-------------------------------------------
     0 | D:1      | qw the Naga Hunter began the quest for the Orb.
     0 | D:1      | Reached XP level 1. HP: 19/19 MP: 1/1
     0 | D:1      | 0 ||| qw: Version: 0.2-a-29-g511e9b1
     0 | D:1      | 0 ||| qw: Game counter: 5348
     0 | D:1      | 0 ||| qw: Always use a shield: true
     0 | D:1      | 0 ||| qw: God list: Okawaru
     0 | D:1      | 0 ||| qw: Allow faded altars: false
     0 | D:1      | 0 ||| qw: Do Orc after D:15 true
     0 | D:1      | 0 ||| qw: Do second Lair branch before Depths: true
     0 | D:1      | 0 ||| qw: Lair rune preference: random
     0 | D:1      | 0 ||| qw: Plans: Normal
     0 | D:1      | 0 ||| PLANNING D:1-11
    91 | D:1      | 91 ||| INVOKING Spit Poison.
   141 | D:1      | Reached skill level 4 in Ranged Weapons
   141 | D:1      | Reached XP level 2. HP: 26/26 MP: 2/2
   170 | D:1      | 170 ||| INVOKING Spit Poison.
   196 | D:1      | 196 ||| INVOKING Spit Poison.
   259 | D:1      | 259 ||| INVOKING Spit Poison.
   264 | D:1      | 264 ||| INVOKING Spit Poison.
   407 | D:1      | 407 ||| INVOKING Spit Poison.
   514 | D:1      | 514 ||| INVOKING Spit Poison.
   524 | D:1      | 524 ||| INVOKING Spit Poison.
   528 | D:1      | 528 ||| INVOKING Spit Poison.
   532 | D:1      | 532 ||| INVOKING Spit Poison.
   593 | D:1      | 593 ||| INVOKING Spit Poison.
   596 | D:1      | Reached XP level 3. HP: 32/32 MP: 3/3
   609 | D:1      | 609 ||| INVOKING Spit Poison.
   700 | D:1      | 700 ||| INVOKING Spit Poison.
   884 | D:1      | 884 ||| INVOKING Spit Poison.
  1032 | D:1      | 1032 ||| UPGRADING to +0 pair of gloves.
  1037 | D:1      | 1037 ||| READING 2 scrolls labelled FECHESCH FUKLAI.
  1038 | D:1      | 1038 ||| READING scroll labelled NEIDATS GYSEFU.
  1039 | D:1      | 1039 ||| DROPPING scroll of butterflies.
  1159 | D:2      | 1159 ||| INVOKING Spit Poison.
  1169 | D:2      | 1169 ||| INVOKING Spit Poison.
  1224 | D:2      | 1224 ||| INVOKING Spit Poison.
  1246 | D:2      | 1246 ||| INVOKING Spit Poison.
  1251 | D:2      | 1251 ||| INVOKING Spit Poison.
  1257 | D:2      | 1257 ||| INVOKING Spit Poison.
  1260 | D:2      | Noticed Terence
  1263 | D:2      | 1263 ||| INVOKING Spit Poison.
  1266 | D:2      | 1266 ||| INVOKING Spit Poison.
  1269 | D:2      | 1269 ||| INVOKING Spit Poison.
  1270 | D:2      | Killed Terence
  1271 | D:2      | Reached skill level 5 in Ranged Weapons
  1271 | D:2      | Reached XP level 4. HP: 31/39 MP: 4/4
  1313 | D:2      | 1313 ||| INVOKING Spit Poison.
  1346 | D:2      | 1346 ||| INVOKING Spit Poison.
  1402 | D:2      | 1402 ||| INVOKING Spit Poison.
  1415 | D:2      | 1415 ||| INVOKING Spit Poison.
  1420 | D:2      | 1420 ||| INVOKING Spit Poison.
  1426 | D:2      | 1426 ||| INVOKING Spit Poison.
  1484 | D:2      | 1484 ||| INVOKING Spit Poison.
  1490 | D:2      | 1490 ||| INVOKING Spit Poison.
  1542 | D:2      | 1542 ||| INVOKING Spit Poison.
  1550 | D:2      | 1550 ||| INVOKING Spit Poison.
  1554 | D:2      | 1554 ||| INVOKING Spit Poison.
  1558 | D:2      | 1558 ||| INVOKING Spit Poison.
  1559 | D:2      | Reached skill level 3 in Fighting
  1559 | D:2      | Reached XP level 5. HP: 41/49 MP: 5/5
  1595 | D:2      | 1595 ||| INVOKING Spit Poison.
  1598 | D:2      | 1598 ||| INVOKING Spit Poison.
  1602 | D:2      | 1602 ||| INVOKING Spit Poison.
  1619 | D:2      | 1619 ||| INVOKING Spit Poison.
  1620 | D:2      | 1620 ||| INVOKING Spit Poison.
  1870 | D:2      | 1870 ||| INVOKING Spit Poison.
  1877 | D:2      | 1877 ||| INVOKING Spit Poison.
  1878 | D:2      | HP: 11/49 [orc priest/divine providence (12)]
  1880 | D:2      | Killed from afar by an orc priest

Levels and vault maps discovered:
D:1:      onia_arrival_mini_maze, layout_basic
D:2:      layout_basic, minmay_misc_feat_cross, uniq_terence

Skill      XL: |  1  2  3  4 |
---------------+-------------+-----
Ranged Weapons | 4 5 |  5.2
Fighting       | 3 |  3.1
Dodging        | |  1.5
Stealth        | |  1.5

Action                     |  1- 3 |  4- 6 || total
---------------------------+-------+-------++-------
   Fire: Shortbow          |    74 |    54 ||   128
Ability: Spit Poison       |    23 |    18 ||    41
    Use: Scroll            |     2 |       ||     2
 Armour: Leather armour    |     8 |     7 ||    15
  Dodge: Dodged            |    24 |    15 ||    39

Table legend:
 A = Non-vault XP
 B = Vault XP
 C = Vault XP percentage of total XP
 D = Non-vault monster count
 E = Vault monster count
 F = Vault count percentage of total count
                 A         B        C        D         E       F
            +---------+---------+-------+---------+---------+-------
      Total |     150 |      37 |  19.8 |      49 |       2 |   3.9
            +---------+---------+-------+---------+---------+-------
        D:1 |      40 |       1 |   2.4 |      21 |       1 |   4.5
        D:2 |     110 |      36 |  24.7 |      28 |       1 |   3.4
            +---------+---------+-------+---------+---------+-------
